 Dungeon Crawl Stone Soup version 0.30-b1-2-g02819fbbbe (webtiles) character file.

Game seed: 1259016525144814674

1285 nightchill the Carver (level 8, -4/73 HPs)
             Began as a Minotaur Gladiator on May 15, 2023.
             Was a Follower of Wu Jian.
             Slain by a gnoll
             ... wielding a +0 whip
             ... led by a gnoll bouda
              (8 damage)
             ... on level 7 of the Dungeon.
             The game lasted 00:14:10 (5656 turns).

nightchill the Carver (Minotaur Gladiator)          Turns: 5656, Time: 00:14:11

Health: -4/73      AC: 11    Str: 20    XL:     8   Next: 29%
Magic:  16/16      EV:  6    Int:  5    God:    Wu Jian [*.....]
Gold:   321        SH:  3    Dex: 13    Spells: 7/7 levels left

rFire   . . .        a - +0 long sword
rCold   + . .        t - +0 buckler
rNeg    . . .        s - +1 plate armour {rC+}
rPois   .            c - +0 hat
rElec   .            (no cloak)
rCorr   .            (no gloves)
SInv    .            (no boots)
Will    .....        (no amulet) Stlth
                     k - ring of magical power
HPRegen 0.32/turn    y - +4 ring of protection
MPRegen 0.15/turn

%: no passive effects
@: weakened, corroded
A: horns 2, retaliatory headbutt
a: Renounce Religion


You were on level 7 of the Dungeon.
You worshipped Wu Jian.
Wu Jian was aware of your devotion.
You visited 2 branches of the dungeon, and saw 8 of its levels.

You collected 321 gold pieces.

Inventory:

Hand Weapons
 a - a +0 long sword (weapon)
 l - a +2 dagger of holy wrath
 w - a +0 dagger of speed
 z - a +2 dagger of speed
 A - a +1 dagger of freezing
 J - a +1 dagger of draining
Missiles
 d - a throwing net (quivered)
 e - a javelin
 I - 6 poisoned darts
Armour
 c - a +0 hat (worn)
 s - a +1 plate armour of cold resistance (worn)
 t - a +0 buckler (worn)
Jewellery
 j - a ring of ice
 k - a ring of magical power (left hand)
 x - a ring of fire
 y - a +4 ring of protection (right hand)
Wands
 E - a wand of charming (9)
 H - a wand of flame (14)
 L - a wand of polymorph (12)
Scrolls
 b - a scroll of vulnerability {unknown}
 g - a scroll of noise {unknown}
 h - a scroll of acquirement {unknown}
 m - a scroll of enchant armour {unknown}
 o - 2 scrolls of blinking {unknown}
 q - a scroll of silence {unknown}
 u - a scroll of amnesia
 B - a scroll of teleportation {unknown}
 C - a scroll of poison {unknown}
 F - a scroll of fog
Potions
 f - 4 potions of curing
 i - 2 potions of heal wounds
 n - a potion of degeneration
 p - 2 potions of lignification
 r - a potion of attraction
 v - 2 potions of might
 D - 2 potions of invisibility
 G - a potion of haste
 K - a potion of brilliance {unknown}


   Skills:
 + Level 7.3 Fighting
 * Level 10.5 Long Blades
 - Level 2.0 Throwing
 - Level 3.2 Dodging


You had 7 spell levels left.
You didn't know any spells.
Your spell library contained the following spells:

 Spells                   Type           Power      Damage    Failure   Level
 Magic Dart               Conj           0%         1d3       100%        1
 Sting                    Tmut/Pois      0%         1d3       100%        1
 Cigotuvi's Dreadful Rot  Necr/Pois/Air  0%         N/A       100%        2
 Poisonous Vapours        Pois/Air       0%         N/A       100%        2
 Searing Ray              Conj           0%         2d4       100%        2
 Dazzling Flash           Conj/Hex       0%         N/A       100%        3
 Ignite Poison            Fire/Tmut/Pois 0%         N/A       100%        3
 Inner Flame              Hex/Fire       0%         N/A       100%        3
 Volatile Blastmotes      Fire/Tloc      0%         2d10      100%        3
 Flame Wave               Conj/Fire      0%         2d4       100%        4
 Fulminant Prism          Conj/Hex       0%         3d5       100%        4
 Iskenderun's Mystic Bla  Conj/Tloc      0%         2d3       100%        4
 Olgreb's Toxic Radiance  Pois           0%         N/A       100%        4
 Sticky Flame             Conj/Fire      0%         2d3       100%        4
 Freezing Cloud           Conj/Ice/Air   0%         6-21      100%        5
 Starburst                Conj/Fire      0%         6d3       100%        6


Dungeon Overview and Level Annotations

Branches:
Dungeon (7/15)             Temple (1/1) D:4

Altars:
Ashenzari
Cheibriados
Dithmenos
Elyvilon
Fedhas
Gozag
Hepliaklqana
Kikubaaqudgha
Nemelex Xobeh
Okawaru
Qazlal
Ru
Sif Muna
Trog
Uskayaw
Vehumet
Wu Jian
Xom
Yredelemnul
Zin
The Shining One

Shops:
D:5 =

Annotations:
D:4 exclusion: downstairs
D:5 3 runed translucent doors, dakkaduck's ghost, novice MiBe
D:6 1 exclusion


Innate Abilities, Weirdness & Mutations

You have a pair of horns on your head.
You reflexively headbutt those who attack you in melee.


Message History

The gnoll hits you from afar with a +0 spear.
* * * LOW HITPOINT WARNING * * *
You spin and attack the gnoll.
You hit the gnoll.
The gnoll is heavily wounded.
The gnoll hits you with a +0 flail.
* * * LOW HITPOINT WARNING * * *
The gnoll bouda gazes fiercely through you!
You feel your attacks grow feeble. The gnoll attacks as you move away!
The gnoll hits you with a +0 flail.
* * * LOW HITPOINT WARNING * * *
The gnoll hits you with a +0 flail.
* * * LOW HITPOINT WARNING * * *
The gnoll attacks as you move away! You block the gnoll's attack.
The jelly attacks as you move away! The jelly hits you but does no damage.
The gnoll is no longer moving quickly.
The gnoll bouda barks out a call to the hunt!
The gnoll picks up the pace!
The gnoll hits you but does no damage.
Unknown command.
You spin and attack the jelly.
You barely miss the jelly.
The jelly is almost dead.
You spin and attack the gnoll.
You hit the gnoll.
The gnoll is heavily wounded.
The jelly hits you but does no damage.
The gnoll hits you from afar with a +0 halberd!
* * * LOW HITPOINT WARNING * * *
The gnoll hits you from afar with a +0 spear.
* * * LOW HITPOINT WARNING * * *
Saving game... please wait.
Welcome back, nightchill the Minotaur Gladiator.
The Council says: Follow the path of wisdom and battle!
Press ? for a list of commands and other information.
You spin and attack the gnoll.
You hit the gnoll but do no damage. Your headbutt misses the gnoll.
The gnoll is heavily wounded.
The gnoll is no longer moving quickly.
The gnoll hits you but does no damage. The gnoll attacks as you move away!
The gnoll hits you with a +0 flail.
* * * LOW HITPOINT WARNING * * *
The gnoll attacks as you move away! The gnoll hits you with a +0 whip!
You die...

######## #.# #......# #.#
#......# #.# #......# #.#
#......### #.# #........# #.#
+........# #......# #.#
##......gg###......# #.#
#.....g.gJ@.+....... #.#
#.#.####gg###....... #.#
.g.#.......###..... #.# ....
######........... #.#
......######..###.####.#####'##
.... ...............>#.........
.... ########.###.##.###.......
#.......# #..............
#.####### ####+##.##+#+##


You could see a gnoll bouda, a jelly and 5 gnolls.

Vanquished Creatures
  A sky beast (D:5)
  A black bear (D:4)
  An ogre (D:5)
  A centaur (D:5)
  2 ice beasts
  3 bullfrogs
  2 scorpions
  2 jellies
  An orc priest (D:5)
  An iguana (D:5)
  A sleepcap (D:5)
  4 orc wizards (D:5)
  3 gnolls (D:3)
  6 adders
  3 white imps
  An ufetubus (D:6)
  2 worms (D:3)
  3 dart slugs
  13 orcs
  6 ball pythons
  9 endoplasms
  4 giant cockroaches
  9 goblins
  8 hobgoblins
  2 jackals (D:1)
  10 kobolds
  2 quokkas
  6 bats
  A frilled lizard (D:1)
  A rat (D:1)
109 creatures vanquished.

Vanquished Creatures (others)
  2 fungi (D:5)
  2 plants (D:5)
4 creatures vanquished.

Grand Total: 113 creatures vanquished

Notes
Turn   | Place    | Note
-------+----------+-------------------------------------------
     0 | D:1      | nightchill the Minotaur Gladiator began the quest for the
                  | Orb.
     0 | D:1      | Reached XP level 1. HP: 18/18 MP: 0/0
    90 | D:1      | Reached skill level 4 in Long Blades
   102 | D:1      | Reached XP level 2. HP: 17/25 MP: 1/1
   626 | D:1      | Found a faded altar of an unknown god.
   684 | D:1      | Reached XP level 3. HP: 29/31 MP: 2/2
   964 | D:2      | Reached skill level 5 in Long Blades
  1468 | D:3      | Reached XP level 4. HP: 35/38 MP: 3/3
  1608 | D:3      | Reached skill level 6 in Long Blades
  1652 | D:3      | Reached XP level 5. HP: 46/46 MP: 4/4
  2434 | D:4      | Found a staircase to the Ecumenical Temple.
  2449 | Temple   | Entered the Ecumenical Temple
  2811 | Temple   | Became a worshipper of the Wu Jian Council
  3148 | D:5      | Entered Level 5 of the Dungeon
  3165 | D:5      | Noticed an ogre
  3174 | D:5      | Killed an ogre
  3175 | D:5      | Reached skill level 7 in Long Blades
  3175 | D:5      | Reached XP level 6. HP: 51/53 MP: 5/5
  3215 | D:4      | Reached skill level 5 in Fighting
  3366 | D:5      | Noticed a sky beast
  3394 | D:5      | Killed a sky beast
  3403 | D:5      | Reached skill level 8 in Long Blades
  3628 | D:5      | Reached XP level 7. HP: 40/62 MP: 6/6
  3882 | D:5      | Found a runed translucent gate.
  3883 | D:5      | Found a runed translucent gate.
  3884 | D:5      | Found a runed translucent gate.
  3884 | D:5      | Noticed dakkaduck's ghost (novice MiBe)
  3897 | D:5      | Reached skill level 9 in Long Blades
  3986 | D:5      | Found Xecuuc's Jewellery Boutique.
  4112 | D:5      | Reached * piety under Wu Jian
  4658 | D:6      | Reached XP level 8. HP: 70/71 MP: 7/7
  4783 | D:6      | Reached skill level 10 in Long Blades
  5656 | D:7      | Slain by a gnoll

Illustrated notes

Levels and vault maps discovered:
D:1:      sevenhm_arrival_forest_fort_small_5, layout_rooms,
          shapermc_ecumenical_altar_mp_urbaneastern
D:2:      layout_rooms
D:3:      layout_basic
D:4:      layout_rooms, minmay_temple_entry_slanted
D:5:      layout_basic, gammafunk_ghost_nasty_kobolds, serial_shops,
          nicolae_shop_waterfront, hellmonk_no_cap
D:6:      nicolae_whirlpool, layout_rooms, chequers_serial_rivers_large_b,
          corexii_leaking_fountain, minmay_misc_feat_more_columns, minivault_27,
          kennysheep_donut, lemuel_flamethrower_1
D:7:      layout_basic
Temple:   regret_index_temple_sigil_plot

Skill      XL: |  1  2  3  4  5  6  7  8 |
---------------+-------------------------+-----
Long Blades    | 4 5 6 7 8 9 10 | 10.5
Fighting       | 3 4 5 6 7 |  7.3
Throwing       | |  2.0
Dodging        | |  3.2

Action                     |  1- 3 |  4- 6 |  7- 9 || total
---------------------------+-------+-------+-------++-------
  Melee: Long sword        |   119 |   132 |   113 ||   364
         Headbutt          |    11 |    22 |    28 ||    61
         Punch             |     2 |       |       ||     2
  Throw: Throwing net      |       |     2 |       ||     2
Ability: Lunge             |       |     2 |     8 ||    10
         Whirlwind         |       |       |    10 ||    10
    Use: Scroll            |       |       |    10 ||    10
   Stab: Held in net/web   |       |     2 |       ||     2
 Armour: Leather armour    |    22 |       |       ||    22
         Plate armour      |    31 |    76 |    83 ||   190
  Dodge: Dodged            |    63 |    33 |    25 ||   121
  Block: Buckler           |     5 |    16 |    18 ||    39
